 Dungeon Crawl Stone Soup version 0.30-a0-360-g447f08457e (webtiles) character file.

Game seed: 1105075092571039619

779 pokeman the Thaumaturge (level 7, -6/40 HPs)
             Began as a Deep Elf Hedge Wizard on Nov 13, 2022.
             Mangled by an ice beast (13 damage)
             ... on level 5 of the Dungeon.
             The game lasted 00:08:06 (4968 turns).

pokeman the Thaumaturge (Deep Elf Hedge Wizard)     Turns: 4968, Time: 00:08:07

Health: -6/40      AC:  4    Str:  7    XL:     7   Next: 54%
Magic:  16/21      EV: 12    Int: 21    God:
Gold:   149        SH:  0    Dex: 14    Spells: 14/23 levels left

rFire   . . .      SeeInvis .    q - +2 dagger (chaos)
rCold   . . .      Faith    .    (no shield)
rNeg    . . .      Spirit   .    n - +0 leather armour
rPois   .          Reflect  .    c - +0 hat
rElec   .          Harm     .    x - +0 cloak
rCorr   .          Rampage  .    (no gloves)
Will    .....                    (no boots)
Stlth   ++........               (no amulet)
HPRegen 0.26/turn                k - ring of wizardry
MPRegen 0.17/turn                (no ring)

@: no status effects
A: no striking features
a: no special abilities


You were on level 5 of the Dungeon.
You visited 1 branch of the dungeon, and saw 5 of its levels.

You collected 149 gold pieces.

Inventory:

Hand Weapons
 q - a +2 dagger of chaos (weapon)
Armour
 c - a +0 hat (worn)
 n - a +0 leather armour (worn)
 x - a +0 cloak (worn)
Jewellery
 f - an amulet of guardian spirit
 j - a ring of fire
 k - a ring of wizardry (left hand)
Wands
 y - a wand of paralysis (11)
Scrolls
 e - 5 scrolls of identify {unknown}
 g - 3 scrolls of teleportation {unknown}
 h - 2 scrolls of butterflies {unknown}
 l - 3 scrolls of amnesia {unknown}
 m - 2 scrolls of enchant weapon {unknown}
 o - a scroll of poison {unknown}
 u - a scroll of silence {unknown}
 v - a scroll of brand weapon {unknown}
Potions
 a - a potion of might {unknown}
 b - a potion of invisibility {unknown}
 d - 2 potions of magic
 i - a potion of attraction {unknown}
 p - 3 potions of curing {unknown}
 r - a potion of heal wounds {unknown}
 s - a potion of degeneration {unknown}
 t - a potion of haste {unknown}
 w - a potion of flight {unknown}
 z - a potion of lignification {unknown}


   Skills:
 - Level 2.0 Fighting
 + Level 1.8 Armour
 - Level 3.0 Dodging
 - Level 3.0 Stealth
 * Level 8.6 Spellcasting
 + Level 4.3 Conjurations
 - Level 1.0 Hexes
 - Level 1.1 Summonings
 - Level 1.1 Translocations
 - Level 1.0 Air Magic
 - Level 1.1 Poison Magic


You had 14 spell levels left.
You knew the following spells:

 Your Spells              Type           Power      Damage    Failure   Level
a - Magic Dart            Conj           100%       1d8       1%          1
b - Mephitic Cloud        Conj/Pois/Air  18%        N/A       6%          3
c - Call Imp              Summ           13%        N/A       4%          2
d - Blink                 Tloc           26%        N/A       4%          2
e - Slow                  Hex            52%        N/A       2%          1

Your spell library contained the following spells:

 Spells                   Type           Power      Damage    Failure   Level
 Cigotuvi's Dreadful Rot  Necr/Pois/Air  24%        N/A       4%          2
 Gell's Gravitas          Tloc           13%        N/A       9%          3
 Teleport Other           Tloc           13%        N/A       9%          3
 Dispersal                Tloc           6%         N/A       98%         6


Dungeon Overview and Level Annotations

Branches:
Dungeon (5/15)
 Temple: D:4-7

Altars:
Fedhas
Makhleb
Uskayaw
Xom

Shops:
D:1 [   D:2 [


Message History

Casting: Magic Dart (safe; 1% risk of failure)
Confirm with . or Enter, or press ? or * to list all spells.
You can't see any susceptible monsters within range! (Use Z to cast anyway.) Unknown command.
Casting: Magic Dart (safe; 1% risk of failure)
Confirm with . or Enter, or press ? or * to list all spells.
Aiming: Magic Dart (safe; 1% risk of failure)
Press: ? - help, Shift-Dir - straight line, f/p - ice beast
Aim: an ice beast (lightly wounded, 100% to hit)
The magic dart hits the ice beast.
The ice beast is moderately wounded.
There is an open door here.
Casting: Magic Dart (safe; 1% risk of failure)
Confirm with . or Enter, or press ? or * to list all spells.
A beastly little devil appears in a puff of flame.
Casting: Call Imp (safe; 4% risk of failure)
Confirm with . or Enter, or press ? or * to list all spells.
Aiming: Magic Dart (safe; 1% risk of failure)
Press: ? - help, Shift-Dir - straight line, f/p - ice beast
Aim: an ice beast (moderately wounded, ally target, 100% to hit)
The magic dart hits the ice beast but does no damage.
The ice beast is moderately wounded.
Unknown command.
You closely miss the ice beast.
The ice beast is moderately wounded.
The ice beast hits you. The ice beast freezes you!
Your crimson imp blinks!
Unknown command.
You hit the ice beast but do no damage.
The ice beast is moderately wounded.
The ice beast hits you. The ice beast freezes you!
You hit the ice beast.
You melt the ice beast.
The ice beast is moderately wounded.
The ice beast hits you. The ice beast freezes you!
* * * LOW HITPOINT WARNING * * *
Unknown command.
The ice beast attacks as you move away! The ice beast hits you.
* * * LOW HITPOINT WARNING * * *
The ice beast freezes you!
You die...

#...................# #......
#.......###.#.##....###......
#.......# #.<.........+......
#.......# #..#.##.....#......
#####...###..#.#......+......
#.'...'...5#.#....#.#....#.
#.#...####.#........)......
#######....#.#..#........#.
####@#....+......).#.
#...Y...##........##
##..................#
#............[###...#
###+###<#.....# .....
#.#..!..# ..#.. #.#......
..#.. #.#....... .#..
..#.......


You could see an ice beast (ally target) and a friendly crimson imp (summoned).

Vanquished Creatures
  Edmund (D:4)
  An ogre (D:5)
  A necrophage (D:4)
  A scorpion (D:3)
  A crimson imp (D:3)
  2 hounds
  A gnoll bouda (D:5)
  2 jellies
  2 iguanas
  3 adders
  6 gnolls
  2 worms
  4 dart slugs
  3 orcs
  5 endoplasms
  3 giant cockroaches
  13 hobgoblins
  2 quokkas (D:1)
  3 ball pythons
  8 bats
  6 frilled lizards
  6 goblins
  3 kobolds
  5 rats
84 creatures vanquished.

Vanquished Creatures (collateral kills)
  A scorpion (D:4)
1 creature vanquished.

Grand Total: 85 creatures vanquished

Notes
Turn   | Place    | Note
-------+----------+-------------------------------------------
     0 | D:1      | pokeman the Deep Elf Hedge Wizard began the quest for the
                  | Orb.
     0 | D:1      | Reached XP level 1. HP: 10/10 MP: 7/7
   108 | D:1      | Found Fuashu's Armour Shop.
   379 | D:1      | Reached XP level 2. HP: 15/15 MP: 6/9
  1036 | D:1      | Reached skill level 5 in Spellcasting
  1329 | D:1      | Reached XP level 3. HP: 20/20 MP: 3/11
  1333 | D:1      | Learned a level 3 spell: Mephitic Cloud
  1336 | D:1      | Learned a level 2 spell: Blink
  1338 | D:1      | Learned a level 1 spell: Slow
  1685 | D:2      | Reached skill level 1 in Fighting
  1685 | D:2      | Reached skill level 1 in Armour
  1747 | D:2      | Found a blossoming altar of Fedhas.
  2063 | D:2      | Reached XP level 4. HP: 25/25 MP: 5/13
  2355 | D:2      | Found Zubinec's Armour Boutique.
  2880 | D:3      | Noticed a +0 dagger
  2880 | D:3      | Noticed a +0 short sword
  2880 | D:3      | Noticed a +0 falchion
  2881 | D:3      | Noticed a +0 short sword
  2882 | D:3      | Noticed a +0 falchion
  2883 | D:3      | Noticed a +0 spear
  2883 | D:3      | Noticed a +0 spear
  2884 | D:3      | Noticed a +0 dagger
  2888 | D:3      | Found a hide-covered altar of Uskayaw.
  3152 | D:3      | Learned a level 2 spell: Call Imp
  3264 | D:3      | Found a shimmering altar of Xom.
  3265 | D:3      | Found a burning altar of Makhleb.
  3400 | D:4      | Noticed Edmund
  3400 | D:4      | Noticed a necrophage
  3411 | D:3      | Reached skill level 6 in Spellcasting
  3411 | D:3      | Reached XP level 5. HP: 14/29 MP: 6/15
  3564 | D:3      | Reached skill level 1 in Hexes
  3564 | D:3      | Reached skill level 1 in Poison Magic
  3722 | D:4      | Reached XP level 6. HP: 34/34 MP: 9/17
  3887 | D:4      | Reached skill level 7 in Spellcasting
  3887 | D:4      | Reached skill level 1 in Air Magic
  4004 | D:4      | HP: 1/34 [scorpion (4)]
  4015 | D:4      | Killed Edmund
  4016 | D:4      | Reached XP level 7. HP: 5/39 MP: 4/20
  4541 | D:5      | Entered Level 5 of the Dungeon
  4634 | D:5      | Reached skill level 8 in Spellcasting
  4968 | D:5      | Mangled by an ice beast

Illustrated notes

Levels and vault maps discovered:
D:1:      dpeg_arrival_rooms_a, layout_basic, serial_shops, shop,
          kennysheep_minor_cross
D:2:      layout_rooms, serial_shops, nicolae_shop_advertising_works
          [nicolae_subvault_shop_adworks], basic_altar, minmay_misc_feat_tower
D:3:      layout_basic, grunt_temple_overflow_champion_of_chaos,
          nicolae_uskayaw_en_pointe, nicolae_titane
D:4:      layout_cave_pools, serial_column_ruins, column_ruins_corridor_T,
          column_ruins_grid_3, column_ruins_columns_straight,
          column_ruins_columns_straight, column_ruins_open_medium,
          minmay_misc_feat_hallway, hangedman_abyss_or_decor_stagger,
          uniq_edmund
D:5:      lemuel_castle_with_subvaults [lemuel_castle_interior_original],
          layout_basic, minmay_small_thing

Skill      XL: |  1  2  3  4  5  6  7 |
---------------+----------------------+-----
Spellcasting   | 5 6 7 8 |  8.6
Fighting       | 1 2 |  2.0
Armour         | 1 |  1.8
Conjurations   | 2 3 4 |  4.3
Stealth        | 3 |  3.0
Dodging        | 3 |  3.0
Hexes          | 1 |  1.0
Poison Magic   | 1 |  1.1
Air Magic      | 1 |  1.0
Summonings     | |  1.1
Translocations | |  1.1

Action                   |  1- 3 |  4- 6 |  7- 9 || total
-------------------------+-------+-------+-------++-------
Melee: Dagger            |       |     8 |    13 ||    21
 Cast: Magic Dart        |   118 |   110 |    71 ||   299
       Mephitic Cloud    |       |     4 |     2 ||     6
       Call Imp          |       |     1 |     1 ||     2
 Stab: Confused          |       |     1 |     1 ||     2
Armor: Robe              |    11 |       |       ||    11
       Leather armour    |       |     7 |     2 ||     9
Dodge: Dodged            |    27 |    31 |    15 ||    73

Table legend: (Time is in decaauts)
 A = Elapsed time spent in this place.
 B = Non-inter-level travel time spent in this place.
 C = Inter-level travel time spent in this place.
 D = Time resting spent in this place.
 E = Time spent auto-exploring this place.
 F = Levels seen in this place.
 G = Mean time per level.
                   A        B        C        D        E       F      G
               +--------+--------+--------+--------+--------+-----+--------+
         Total |   4971 |   4799 |    172 |    345 |   3829 |   5 |  994.2 |
       Dungeon |   4971 |   4799 |    172 |    345 |   3829 |   5 |  994.2 |
               +--------+--------+--------+--------+--------+-----+--------+

Top non-repeatable levels by time:
     D:1: 1655 daAuts
     D:2: 1012 daAuts
     D:4: 946 daAuts
     D:3: 942 daAuts
     D:5: 414 daAuts
